 Dungeon Crawl Stone Soup version 0.26-a0-660-gc07710193c (webtiles) character file.

Game seed: 6056004618677076575

430 DogServant the Insei (level 6, -11/47 HPs)
             Began as a Gnoll Transmuter on Oct 8, 2020.
             Killed by divine providence
             ... invoked by an orc priest
              (13 damage)
             ... on level 4 of the Dungeon.
             The game lasted 00:04:58 (4075 turns).

DogServant the Insei (Gnoll Transmuter)             Turns: 4075, Time: 00:04:59

Health: -11/47     AC:  2    Str:  8    XL:     6   Next: 99%
Magic:  12/14      EV: 15    Int: 15    God:
Gold:   247        SH:  0    Dex: 18    Spells: 12/15 levels left

rFire    . . .     SeeInvis .     - Unarmed
rCold    . . .     Faith    .   (no shield)
rNeg     . . .     Spirit   .   h - +0 robe (curse)
rPois    .         Reflect  .   (helmet currently unavailable)
rElec    .         Harm     .   (no cloak)
rCorr    .         Rampage  .   (no gloves)
MR       .....                  (boots currently unavailable)
Stlth    ++........             k - amulet of inaccuracy (curse)
HPRegen  0.15/turn              j - -4 ring of strength (curse)
MPRegen  0.14/turn              (no ring)

@: brilliant, appendages, wereblooded, flying
A: distributed training, fangs 1, horns 2, talons 2, strong nose
a: End Transformation


You were on level 4 of the Dungeon.
You had grown temporary horns.
You had grown temporary talons.
You visited 1 branch of the dungeon, and saw 4 of its levels.

You collected 247 gold pieces.

Inventory:

Armour
 a - a +1 robe
 e - a +0 leather armour
 h - a cursed +0 robe (worn)
Jewellery
 j - a cursed -4 ring of strength (left hand)
 k - a cursed amulet of inaccuracy (around neck)
Scrolls
 o - a scroll of enchant weapon
Potions
 d - a potion of resistance
 f - 2 potions of stabbing
 g - a potion of mutation
 n - a potion of cancellation


   Skills:
 + Level 3.4 Fighting
 + Level 2.2 Short Blades
 + Level 2.2 Long Blades
 + Level 2.2 Axes
 + Level 2.2 Maces & Flails
 + Level 2.2 Polearms
 + Level 2.2 Staves
 + Level 2.2 Slings
 + Level 2.2 Bows
 + Level 2.2 Crossbows
 + Level 2.2 Throwing
 + Level 2.2 Armour
 + Level 5.1 Dodging
 + Level 2.2 Stealth
 + Level 2.2 Shields
 + Level 6.9 Unarmed Combat
 + Level 5.4 Spellcasting
 + Level 1.7 Conjurations
 + Level 1.7 Hexes
 + Level 1.7 Summonings
 + Level 1.7 Necromancy
 + Level 1.7 Translocations
 + Level 4.2 Transmutations
 + Level 1.7 Fire Magic
 + Level 1.7 Ice Magic
 + Level 1.7 Air Magic
 + Level 1.7 Earth Magic
 + Level 1.7 Poison Magic
 + Level 2.4 Invocations
 + Level 2.2 Evocations


You had 12 spell levels left.
You knew the following spells:

 Your Spells              Type           Power        Failure   Level
a - Beastly Appendage     Tmut           ####..       2%          1
b - Wereblood             Tmut           ####....     4%          2

Your spell library contained the following spells:

 Spells                   Type           Power        Failure   Level
 Spider Form              Tmut/Pois      ###.......   14%         3
 Ice Form                 Ice/Tmut       ###.....     41%         4
 Blade Hands              Tmut           ####......   58%         5


Dungeon Overview and Level Annotations

Branches:
Dungeon (4/15)
 Temple: D:4-7

Altars:


Innate Abilities, Weirdness & Mutations

Your experience applies equally to all skills.
You have very sharp teeth.
Your uncanny sense of smell can sniff out nearby items.
You have a pair of horns on your head.
You have razor-sharp toenails.


Message History

You howl as the wereblood boils in your veins!
The orc priest begins to cast a cantrip, but forgets the words!
The orc priest looks satisfied for a moment.
The orc wizard barely misses you.
Okay, then.
Okay, then.
It was a potion of flight.
You feel very buoyant.
You fly up into the air.
The orc priest hits you with a +0 flail.
* * * LOW HITPOINT WARNING * * *
The orc priest hits you with a cursed +0 dagger.
* * * LOW HITPOINT WARNING * * *
The orc wizard barely misses you.
Okay, then.
Okay, then.
The orc priest miscasts a cantrip.
The orc priest calls down the wrath of Beogh upon you.
Beogh smites you!
You die...

.#......#.##........##
....##..#.#..........##
#..##..#..............##
....#..#.........|.....#
.......................#
###................$.#.##
# #........#.....$......#
###........#..........$##
..##.........♣..@.....##
............[.♣P♣.....#
..#............P.oo...##
###............§§o§....#
# #............§.§§§....#
.###.........##.§§§#[....
.. #.......#..§.§§.#....#
...........##.#..... ####
#..........#.....o.##


You could see 2 orc priests and an orc wizard.

Vanquished Creatures
  Sigmund (D:2)
  A bullfrog skeleton (D:4)
  3 orc wizards
  Robin (D:3)
  5 adders
  4 gnolls (D:2)
  A worm (D:2)
  A dart slug (D:2)
  A leopard gecko (D:4)
  4 orcs (D:3)
  5 bats
  A giant cockroach (D:3)
  15 goblins
  5 hobgoblins
  6 jackals (D:4)
  4 kobolds
  A quokka (D:4)
  3 frilled lizards
  5 rats
67 creatures vanquished.

Vanquished Creatures (others)
  4 toadstools (D:1)
4 creatures vanquished.

Grand Total: 71 creatures vanquished

Notes
Turn   | Place    | Note
-------+----------+-------------------------------------------
     0 | D:1      | DogServant the Gnoll Transmuter began the quest for the
                  | Orb.
     0 | D:1      | Reached XP level 1. HP: 17/17 MP: 6/6
   314 | D:1      | Reached XP level 2. HP: 23/23 MP: 7/7
  1185 | D:2      | Reached XP level 3. HP: 22/28 MP: 9/9
  1336 | D:2      | Reached skill level 5 in Spellcasting
  1596 | D:2      | Reached skill level 1 in Invocations
  1643 | D:2      | Reached skill level 1 in Short Blades
  1643 | D:2      | Reached skill level 1 in Long Blades
  1643 | D:2      | Reached skill level 1 in Axes
  1643 | D:2      | Reached skill level 1 in Maces & Flails
  1643 | D:2      | Reached skill level 1 in Polearms
  1643 | D:2      | Reached skill level 1 in Staves
  1643 | D:2      | Reached skill level 1 in Slings
  1643 | D:2      | Reached skill level 1 in Bows
  1643 | D:2      | Reached skill level 1 in Crossbows
  1643 | D:2      | Reached skill level 1 in Throwing
  1643 | D:2      | Reached skill level 1 in Armour
  1643 | D:2      | Reached skill level 1 in Stealth
  1643 | D:2      | Reached skill level 1 in Shields
  1643 | D:2      | Reached skill level 1 in Evocations
  1647 | D:2      | Reached XP level 4. HP: 26/34 MP: 9/11
  2249 | D:2      | Noticed Sigmund
  2258 | D:2      | Killed Sigmund
  2258 | D:2      | Reached skill level 1 in Conjurations
  2258 | D:2      | Reached skill level 1 in Hexes
  2258 | D:2      | Reached skill level 1 in Summonings
  2258 | D:2      | Reached skill level 1 in Necromancy
  2258 | D:2      | Reached skill level 1 in Translocations
  2258 | D:2      | Reached skill level 1 in Fire Magic
  2258 | D:2      | Reached skill level 1 in Ice Magic
  2258 | D:2      | Reached skill level 1 in Air Magic
  2258 | D:2      | Reached skill level 1 in Earth Magic
  2258 | D:2      | Reached skill level 1 in Poison Magic
  2258 | D:2      | Reached XP level 5. HP: 34/41 MP: 10/12
  2258 | D:2      | Reached XP level 6. HP: 39/47 MP: 10/13
  2546 | D:3      | Reached skill level 5 in Dodging
  2683 | D:3      | Learned a level 2 spell: Wereblood
  2703 | D:3      | Noticed Robin
  2723 | D:3      | Killed Robin
  4072 | D:4      | HP: 2/47 [orc priest/cursed +0 dagger (1)]
  4075 | D:4      | Killed from afar by an orc priest

Illustrated notes

Levels and vault maps discovered:
D:1:      ldierk_walled_garden_2, layout_loops_corners
D:2:      layout_basic, uniq_sigmund
D:3:      layout_basic, kennysheep_generic_room_9, uniq_robin
D:4:      layout_cave_pools, grunt_temple_overflow_opulence, marbit_many_paths,
          serial_shops, shop, serial_park_tiny_2, uniq_blork_the_orc

Skill      XL: |  1  2  3  4  5  6 |
---------------+-------------------+-----
Spellcasting   | 5 |  5.4
Invocations    | 1 2 |  2.4
Short Blades   | 1 2 |  2.2
Long Blades    | 1 2 |  2.2
Axes           | 1 2 |  2.2
Maces & Flails | 1 2 |  2.2
Polearms       | 1 2 |  2.2
Staves         | 1 2 |  2.2
Slings         | 1 2 |  2.2
Bows           | 1 2 |  2.2
Crossbows      | 1 2 |  2.2
Throwing       | 1 2 |  2.2
Armour         | 1 2 |  2.2
Stealth        | 1 2 |  2.2
Shields        | 1 2 |  2.2
Evocations     | 1 2 |  2.2
Fighting       | 3 |  3.4
Conjurations   | 1 |  1.7
Hexes          | 1 |  1.7
Summonings     | 1 |  1.7
Necromancy     | 1 |  1.7
Translocations | 1 |  1.7
Transmutations | 4 |  4.2
Fire Magic     | 1 |  1.7
Ice Magic      | 1 |  1.7
Air Magic      | 1 |  1.7
Earth Magic    | 1 |  1.7
Poison Magic   | 1 |  1.7
Dodging        | 5 |  5.1
Unarmed Combat | |  6.9

Action                   |  1- 3 |  4- 6 || total
-------------------------+-------+-------++-------
Melee: Unarmed           |    57 |   137 ||   194
       Punch             |     1 |     2 ||     3
       Bite              |     1 |    11 ||    12
       Kick              |     2 |    24 ||    26
       Headbutt          |     1 |    14 ||    15
 Cast: Beastly Appendage |     1 |    17 ||    18
       Wereblood         |       |     3 ||     3
  Use: Scroll            |     4 |     8 ||    12
       Potion            |       |     4 ||     4
 Stab: Sleeping          |     2 |     2 ||     4
       Distracted        |       |     1 ||     1
Armor: Robe              |     1 |    19 ||    20
Dodge: Dodged            |    30 |   110 ||   140

Table legend: (Time is in decaauts)
 A = Elapsed time spent in this place.
 B = Non-inter-level travel time spent in this place.
 C = Inter-level travel time spent in this place.
 D = Time resting spent in this place.
 E = Time spent auto-exploring this place.
 F = Levels seen in this place.
 G = Mean time per level.
                   A        B        C        D        E       F      G
               +--------+--------+--------+--------+--------+-----+--------+
         Total |   4050 |   3964 |     86 |    516 |   2940 |   4 | 1012.5 |
       Dungeon |   4050 |   3964 |     86 |    516 |   2940 |   4 | 1012.5 |
               +--------+--------+--------+--------+--------+-----+--------+

Top non-repeatable levels by time:
     D:2: 1425 daAuts
     D:3: 1226 daAuts
     D:1: 996 daAuts
     D:4: 401 daAuts
